 Dungeon Crawl Stone Soup version 0.23-a0-629-gae4348f (webtiles) character file.

75 galech the Covered (level 4, 0/35 HPs)
             Began as a Demonspawn Fighter on Dec 26, 2018.
             Succumbed to an adder's poison
             ... on level 2 of the Dungeon.
             The game lasted 00:01:34 (1378 turns).

galech the Covered (Demonspawn Fighter)             Turns: 1378, Time: 00:01:35

Health: 0/35       AC: 10    Str: 22    XL:     4   Next: 11%
Magic:  4/4        EV:  7    Int:  9    God:
Gold:   74         SH:  9    Dex: 13    Spells: 3/3 levels left

rFire    . . .     SeeInvis .   a - +0 war axe
rCold    + . .     Gourm    .   c - +0 shield
rNeg     . . .     Faith    .   m - +2 scale mail {rC+}
rPois    +         Spirit   .   (helmet restricted)
rElec    .         Reflect  .   (no cloak)
rCorr    .         Harm     .   (no gloves)
MR       .....                  k - +0 pair of boots
Stlth    ..........             (no amulet)
HPRegen  0.11/turn              l - ring of poison resistance
MPRegen  0.09/turn              (no ring)

@: mighty, lethally poisoned (0 -> -2)
A: horns 1, rot immunity
a: no special abilities


You were on level 2 of the Dungeon.
You were hungry.

You visited 1 branch of the dungeon, and saw 2 of its levels.

You collected 74 gold pieces.

Inventory:

Hand Weapons
 a - a +0 war axe (weapon)
Armour
 c - a +0 shield (worn)
 k - a +0 pair of boots (worn)
 m - a +2 scale mail of cold resistance (worn)
Jewellery
 l - a ring of poison resistance (left hand)
Scrolls
 b - 2 scrolls of teleportation {unknown}
 e - a scroll of identify {unknown}
 h - a scroll of blinking {unknown}
 i - a scroll of amnesia {unknown}
Comestibles
 f - 3 rations
 g - 3 chunks of flesh


   Skills:
 + Level 3.2 Fighting
 + Level 3.0 Axes
 + Level 3.2 Armour
 + Level 3.0 Shields


You had 3 spell levels left.
You didn't know any spells.
Your spell library was empty.

Dungeon Overview and Level Annotations

Branches:
Dungeon (2/15)

Altars:


Innate Abilities, Weirdness & Mutations

You have a pair of small horns on your head.
You are immune to rotting.


Message History

The adder is severely wounded.
The adder bites you.
* * * LOW HITPOINT WARNING * * *
The adder completely misses you.
You feel very mighty all of a sudden. The adder closely misses you.
The adder bites you but does no damage.
You miss the adder. Your headbutt misses the adder.
The adder is heavily wounded.
* * * LOW HITPOINT WARNING * * *
You feel sick.
The adder bites you but does no damage. x2
You slice the adder!!
You kill the adder!
Your Axes skill increases to level 3!
You have reached level 4!
You feel stronger.
There is a lethal amount of poison in your body!
* * * LOW HITPOINT WARNING * * *
You feel sick.
Unknown command.
You die...

#.#..#
#####.#))#
.........###
#####.#....##
#..[....##.#
#..%.......#
###......#.#.
.........###..
####....@.# #.
#...#).....#
##.........#
#.##...#### ..
#.#.# ##.
#...# ...##
...


There were no monsters in sight!

Vanquished Creatures
  Terence (D:2)
  An adder (D:2)
  A worm (D:2)
  A dart slug (D:1)
  2 leopard geckos (D:1)
  7 giant cockroaches
  4 goblins
  5 hobgoblins
  A ball python (D:1)
  2 bats (D:1)
  3 frilled lizards
  4 kobolds
  A rat (D:1)
33 creatures vanquished.

Notes
Turn   | Place    | Note
-------+----------+-------------------------------------------
     0 | D:1      | galech the Demonspawn Fighter began the quest for the Orb.
     0 | D:1      | Reached XP level 1. HP: 18/18 MP: 1/1
   200 | D:1      | Gained mutation: You are immune to rotting. [demonic
                  | ancestry]
   200 | D:1      | Reached XP level 2. HP: 8/24 MP: 2/2
  1189 | D:2      | Gained mutation: You have a pair of small horns on your
                  | head. [demonic ancestry]
  1189 | D:2      | Reached XP level 3. HP: 29/29 MP: 3/3
  1312 | D:2      | Noticed Terence
  1327 | D:2      | Killed Terence
  1370 | D:2      | HP: 1/29 [poisoned by an adder]
  1371 | D:2      | Reached XP level 4. HP: 1/35 MP: 4/4
  1378 | D:2      | Succumbed to an adder's poison

Vault maps used:
D:1:      psy_arrival_radial02
D:2:      nemelex_xobeh_ov_fountains_minmay, uniq_terence, uniq_jessica,
          uniq_crazy_yiuf_cottage

Skill      XL: |  1  2  3 |
---------------+----------+-----
Armour         | 3 |  3.2
Axes           | 2 3 |  3.0
Shields        | 3 |  3.0
Fighting       | |  3.2

Action                   |  1- 3 |  4- 6 || total
-------------------------+-------+-------++-------
Melee: War axe           |   124 |       ||   124
       Headbutt          |     6 |       ||     6
  Use: Potion            |     1 |       ||     1
  Eat: Chunk             |     1 |       ||     1
Armor: Scale mail        |    32 |       ||    32
       Plate armour      |    52 |       ||    52
Dodge: Dodged            |    18 |       ||    18
Block: Shield            |    56 |       ||    56

Table legend:
 A = Non-vault XP
 B = Vault XP
 C = Vault XP percentage of total XP
 D = Non-vault monster count
 E = Vault monster count
 F = Vault count percentage of total count
                 A         B        C        D         E       F
            +---------+---------+-------+---------+---------+-------
      Total |      72 |      36 |  33.3 |      32 |       1 |   3.0
            +---------+---------+-------+---------+---------+-------
        D:1 |      40 |       0 |   0.0 |      22 |       0 |   0.0
        D:2 |      32 |      36 |  52.9 |      10 |       1 |   9.1
            +---------+---------+-------+---------+---------+-------
